 Dungeon Crawl Stone Soup version 0.19-a0-805-g0a78ef0 (webtiles) character file.

707 Stormbringer the Skirmisher (level 7, -9/56 HPs)
             Began as a Mummy Monk on June 27, 2016.
             Killed from afar by an orc (22 damage)
             ... with a wand of acid
             ... on level 4 of the Dungeon.
             The game lasted 00:15:11 (20124 turns).

Stormbringer the Skirmisher (Mummy Monk)           Turns: 20124, Time: 00:15:12

Health: -9/56      AC:  0    Str: 15    XL:     7   Next: 40%
Magic:  7/7        EV: 15    Int:  9    God:
Gold:   131        SH:  0    Dex: 16    Spells: 0 memorised, 6 levels left

rFire  . . .     SeeInvis .       - Unarmed
rCold  . . .     Gourm    .     (no armour)
rNeg   + + +     Faith    .     (no shield)
rPois  ∞         Spirit   .     (no helmet)
rElec  .         Dismiss  .     (no cloak)
rCorr  .         Reflect  .     (no gloves)
SustAt .         Harm     .     (no boots)
MR     .....                    (no amulet)
Stlth  ++........               j - ring of flight
                                d - ring of fire

@: not resistant to hostile enchantments, unstealthy
A: no food or potions, fire vulnerability, cold resistance 1, negative energy
resistance 3, torment resistance, unbreathing
a: Evoke Flight


You were on level 4 of the Dungeon.
You were not hungry.

You visited 1 branch of the dungeon, and saw 4 of its levels.

You collected 131 gold pieces.


Innate Abilities, Weirdness & Mutations

You do not eat or drink.
Your flesh is vulnerable to fire.
You are immune to poison.
Your flesh is cold resistant. (rC+)
You are immune to negative energy. (rN+++)
You are immune to unholy pain and torment.
You can survive without breathing.


   Skills:
 - Level 5.2 Fighting
 + Level 4.4 Dodging
 - Level 1.5 Stealth
 - Level 5.0 Unarmed Combat


You had 6 spell levels left.
You didn't know any spells.

Inventory:

Jewellery
 a - an uncursed amulet of the gourmand {Delicious biskit, unknown}
 d - a ring of fire (left hand)
 j - a ring of flight (right hand)
Scrolls
 b - 2 scrolls of remove curse
 c - 4 scrolls of fog
 e - 2 scrolls of blinking
 h - a scroll of immolation {!r}
 i - a scroll of noise {!r}
 k - a scroll of identify {@r1}

Dungeon Overview and Level Annotations

Branches:
Dungeon (4/15)             Temple (0/1) D:4

Altars:
Cheibriados
Hepliaklqana
Sif Muna

Annotations:
D:3 2 runed doors

.....................
▒........................
▒▒........................
▒.........................
▒▒............................?..
.................................
.............?..................
▒)▒............o...............
(...............M............. .
▒†▒..........................▒▒..
............▒▒▒▒▒▒▒(.▒▒▒▒▒.......
...▒........▒ ▒▒..▒ ▒▒....▒
..▒▒........▒ ▒..▒▒▒...▒▒▒
..▒.........▒▒ ▒▒..▒....▒▒
.............▒▒▒ ▒..▒.....▒▒
...............▒▒▒▒▒▒.....<...▒▒
....................▒▒.........▒▒


You could see an orc.


Message History

You see here 16 stones!
Quiver which item? (- for none, * to show all) (? for menu, Esc to quit)
Quivering
f - a scroll of recharging for throwing!
Tossing away (i - inventory):
f - a scroll of recharging (quivered)
Aim: an orc, wielding a whip and wearing a leather armour (hasn't noticed you)
You toss away a scroll of recharging!
The orc shouts!!!
The scroll of recharging hits the orc but does no damage!
The orc hits you with a whip!
You closely miss the orc! The orc hits you with a whip!
You squash the orc like an ant!
The orc is moderately wounded!
The orc zaps a wand!
The bolt of acid hits you!!! * * * don't die
* * * The acid burns!!! * * * don't die
* * * It is a wand of acid!
You are too injured to fight recklessly!!!
You are too injured to fight recklessly!!!
You are too injured to fight recklessly!!!
You closely miss the orc!
The orc is moderately wounded!
The orc barely misses you!
You closely miss the orc!
The orc is moderately wounded!
The orc zaps a wand!
The bolt of acid misses you!
You pulverise the orc!
The orc is heavily wounded!
The orc zaps a wand!
The bolt of acid hits you!!! rip

Action                   |  1- 3 |  4- 6 |  7- 9 || total
-------------------------+-------+-------+-------++-------
Melee: Unarmed           |   227 |   253 |    88 ||   568
       Punch             |     3 |     4 |     2 ||     9
  Use: Scroll            |     4 |     3 |       ||     7
 Stab: Sleeping          |     6 |     4 |       ||    10
Dodge: Dodged            |   150 |   143 |    66 ||   359

Vault maps used:
D:1:      mrwooster_arrival_statue_2, dk_noncrumbling_4, minivault_19,
          minmay_cupped
D:2:      minitemple
D:3:      uniq_natasha, uniq_iyjb, uniq_crazy_yiuf_cottage
D:4:      serial_glass, glass_columns_a, glass_columns_b, glass_columns_b,
          glass_columns_a, glass_columns_b, first_bread, uniq_grinder

Notes
Turn   | Place    | Note
--------------------------------------------------------------
     0 | D:1      | Stormbringer the Mummy Monk began the quest for the Orb.
     0 | D:1      | Reached XP level 1. HP: 18/18 MP: 1/1
   459 | D:1      | Reached XP level 2. HP: 15/24 MP: 2/2
   468 | D:1      | Reached skill level 3 in Unarmed Combat
  1451 | D:1      | Reached XP level 3. HP: 26/29 MP: 3/3
  2253 | D:2      | Found a deep blue altar of Sif Muna.
  2255 | D:2      | Found a snail-covered altar of Cheibriados.
  2255 | D:2      | Found a hazy altar of Hepliaklqana.
  3677 | D:2      | Reached skill level 4 in Unarmed Combat
  3792 | D:2      | Reached XP level 4. HP: 35/35 MP: 4/4
  4147 | D:3      | Found a runed door.
  5557 | D:3      | Noticed Ijyb
  5626 | D:3      | Killed Ijyb
  5626 | D:3      | Reached XP level 5. HP: 26/41 MP: 5/5
  5907 | D:3      | Reached skill level 5 in Unarmed Combat
  5973 | D:3      | Noticed Natasha
  5996 | D:3      | Killed Natasha
  6330 | D:3      | Noticed Natasha
  6347 | D:3      | Killed Natasha
  6758 | D:3      | Noticed Natasha
  6766 | D:3      | Killed Natasha
  6766 | D:3      | Reached skill level 4 in Fighting
  7236 | D:3      | Reached XP level 6. HP: 31/48 MP: 6/6
  7254 | D:3      | Found a runed door.
 18498 | D:1      | Noticed a hill giant
 18562 | D:1      | Noticed a deep elf mage
 18572 | D:1      | Noticed a fire elemental
 18700 | D:4      | Found a staircase to the Ecumenical Temple.
 18820 | D:4      | Reached skill level 5 in Fighting
 18990 | D:4      | Noticed Grinder
 19007 | D:4      | Paralysed by Grinder for 5 turns
 19022 | D:4      | Killed Grinder
 19022 | D:4      | Reached skill level 3 in Dodging
 19022 | D:4      | Reached XP level 7. HP: 24/56 MP: 7/7
 19377 | D:4      | Reached skill level 4 in Dodging
 20124 | D:4      | Killed from afar by an orc

Vanquished Creatures
  Grinder (D:4)
  A giant frog (D:1)
  A howler monkey (D:4)
  A hound (D:4)
  A centaur skeleton (D:4)
  Ijyb (D:3)
  Natasha (thrice) (D:3)
  A worker ant (D:3)
  A hound skeleton (D:4)
  A worker ant zombie (D:3)
  A gnoll (D:1)
  4 adders
  A shadow imp (D:1)
  2 oozes
  6 worms
  A dart slug (D:3)
  3 giant geckos
  6 orcs
  9 bats
  7 giant cockroaches
  8 goblins
  11 hobgoblins
  7 jackals
  4 quokkas
  5 ball pythons
  5 giant newts
  16 kobolds
  13 rats
121 creatures vanquished.
